 Seeded DCSS version 0.30-a0-859-gf88a04b62d (webtiles) character file.

Game seed: 13605347439462872262 (custom seed)

14150 drewk1942 the Severer (level 11, -1/102 HPs)
             Began as a Minotaur Fighter on Mar 6, 2023.
             Was an Elder of Wu Jian.
             Killed from afar by an acid dragon (31 damage)
             ... with a splash of acid
             ... on level 10 of the Dungeon.
             The game lasted 00:11:36 (9494 turns).

drewk1942 the Severer (Minotaur Fighter)            Turns: 9494, Time: 00:11:37

Health: -1/102     AC: 10    Str: 29    XL:     11   Next: 84%
Magic:  10/10      EV: 10    Int:  5    God:    Wu Jian [****..]
Gold:   332        SH:  6    Dex: 10    Spells: 10/10 levels left

rFire   . . .      SeeInvis +    y - +8 war axe of the Dragonfly {holy, rC+ Str+4}
rCold   + . .      Faith    .    c - +0 buckler
rNeg    . . .      Spirit   .    b - +0 scale mail
rPois   +          Reflect  .    (helmet restricted)
rElec   .          Rampage  .    (no cloak)
rCorr   .                        x - +0 pair of gloves
Will    .....                    (no boots) Stlth
                                 (no amulet)
HPRegen 0.37/turn                r - ring of see invisible
MPRegen 0.12/turn                H - ring of poison resistance

@: mighty, exhausted
A: horns 2, retaliatory headbutt
a: Renounce Religion, Wall Jump, Serpent's Lash


You were on level 10 of the Dungeon.
You worshipped Wu Jian.
Wu Jian was greatly pleased with you.
You visited 2 branches of the dungeon, and saw 11 of its levels.

You collected 536 gold pieces.
You spent 204 gold pieces at shops.

Inventory:

Hand Weapons
 a - a +1 war axe
 y - the +8 war axe of the Dragonfly (weapon) {holy, rC+ Str+4}
   (You bought it in a shop on level 1 of the Dungeon)

   Str:       It affects your strength (+4).
   rC:        It protects you from cold.
Missiles
 f - 6 curare-tipped darts (quivered)
Armour
 b - a +0 scale mail (worn)
 c - a +0 buckler (worn)
 t - a +0 robe of fire resistance
 u - the +5 robe "Heepeag" {Contam rPois Regen+ SInv}
   (You found it on level 4 of the Dungeon)

   rPois:     It protects you from poison.
   SInv:      It lets you see invisible.
   Contam:    It causes magical contamination when unequipped.
   Regen:     It increases your rate of health regeneration.
 x - a +0 pair of gloves (worn)
Jewellery
 r - a ring of see invisible (left hand)
 H - a ring of poison resistance (right hand)
 J - a ring of protection from cold
Wands
 e - a wand of roots (6)
 C - a wand of flame (46)
 I - a wand of light (6)
Scrolls
 j - 6 scrolls of blinking {unknown}
 l - a scroll of summoning {unknown}
 m - a scroll of noise {unknown}
 n - a scroll of brand weapon {unknown}
 p - 5 scrolls of fog {unknown}
 s - 2 scrolls of enchant weapon
 v - 6 scrolls of identify {unknown}
 w - 3 scrolls of enchant armour {unknown}
 z - 2 scrolls of immolation {unknown}
 A - a scroll of amnesia {unknown}
 B - 4 scrolls of teleportation {unknown}
 K - 3 scrolls of poison {unknown}
Potions
 d - 2 potions of curing {unknown}
 g - a potion of berserk rage {unknown}
 h - a potion of cancellation {unknown}
 i - a potion of mutation {unknown}
 k - 4 potions of lignification {unknown}
 o - 2 potions of heal wounds
 q - 2 potions of flight {unknown}
 D - 4 potions of degeneration {unknown}
 E - a potion of invisibility {unknown}
 F - a potion of haste {unknown}
 G - 3 potions of might
 L - a potion of ambrosia {unknown}
 M - a potion of resistance {unknown}
 N - a potion of attraction {unknown}


   Skills:
 * Level 11.1 Fighting
 - Level 16.8 Axes
 + Level 5.8 Throwing
 * Level 11.2 Armour
 * Level 11.1 Shields


You had 10 spell levels left.
You didn't know any spells.
Your spell library contained the following spells:

 Spells                   Type           Power      Damage    Failure   Level
 Magic Dart               Conj           0%         1d3       75%         1
 Call Imp                 Summ           0%         N/A       87%         2
 Ensorcelled Hibernation  Hex/Ice        0%         N/A       87%         2
 Scorch                   Fire           0%         2d5       87%         2
 Mephitic Cloud           Conj/Pois/Air  0%         N/A       98%         3
 Ozocubu's Armour         Ice            0%         N/A       98%         3
 Spider Form              Tmut/Pois      0%         N/A       98%         3
 Anguish                  Hex/Necr       0%         N/A       100%        4
 Flame Wave               Conj/Fire      0%         2d4       100%        4
 Summon Cactus Giant      Summ           0%         N/A       100%        6
 Ozocubu's Refrigeration  Ice            0%         4d7       100%        7


Dungeon Overview and Level Annotations

Branches:
Dungeon (10/15)            Temple (1/1) D:5
   Lair: D:8-11         Orc: D:9-12

Altars:
Ashenzari
Cheibriados
Dithmenos
Elyvilon
Gozag
Hepliaklqana
Kikubaaqudgha
Makhleb
Nemelex Xobeh
Okawaru
Qazlal
Ru
Sif Muna
Trog
Uskayaw
Vehumet
Wu Jian
Xom
Yredelemnul
Zin
The Shining One

Shops:
D:1 (   D:2 [   D:5 [   D:10 [


Innate Abilities, Weirdness & Mutations

You have a pair of horns on your head.
You reflexively headbutt those who attack you in melee.


Message History

The lance of force hits you!!
* * * LOW HITPOINT WARNING * * *
Urug hits you with a +4 great sword!
* * * LOW HITPOINT WARNING * * *
Erica gestures wildly while chanting.
Erica flickers and vanishes for a moment.
There is a stone staircase leading down, spattered with blood here.
Okay, then.
You feel much better. Urug barely misses you.
Erica points at you and mumbles some strange words.
You resist with significant effort.
Your muscles tense, ready for explosive movement...
You spin and attack Erica, with incredible momentum.
You slash Erica!
Erica is moderately wounded.
You spin and attack Urug repeatedly, with incredible momentum.
You chop Urug into pieces!!!
You blow up Urug!
The Council accepts your kill.
Your Fighting skill increases to level 11!
Your Armour skill increases to level 11!
Your Shields skill increases to level 11!
You spin and attack Erica, with incredible momentum.
You slice Erica!! Your headbutt misses Erica.
Erica is severely wounded.
Your supernatural speed expires.
Aiming: Wall Jump
Press: ? - help, Dir - move target You repeatedly attack Erica from above.
You slash Erica!
Erica is severely wounded.
You barely miss Erica. You headbutt Erica!
Erica is almost dead.
You slash Erica!
You kill Erica!
The Council accepts your kill.
An acid dragon comes into view.
The acid dragon moves out of view.
The acid dragon spits acid at you. The splash of acid hits you!!
You die...

#...>..#####.##'##
#...))............
#######.....D....).....)
............#####)....##
............# #.....#.
............# #.....+.
............# #.....#.
............# #.....#.
.......@....#####.....#.
......................#.
#####.................#.
#.................#.
#........########.#.
#........#......#.##
#........#......#...
.........#......#...
###......##'#####...


You could see an acid dragon (catching breath).

Vanquished Creatures
  Erica (D:10)
  2 two-headed ogres
  Urug (D:10)
  Sonja (D:10)
  Pikel (D:5)
  Joseph (D:7)
  6 unseen horror zombies (D:9)
  A kobold demonologist (D:10)
  2 hornets (D:9)
  2 shadows (D:10)
  A wraith (D:10)
  2 wyverns
  6 yaks (D:8)
  3 steam dragons
  4 vampire mosquitoes (D:6)
  Menkaure (D:7)
  An acid dragon (D:6)
  3 water moccasins
  4 orc warriors
  2 ice beasts
  3 sky beasts
  4 ogres
  4 black bears
  4 centaurs
  A lemure (D:5)
  3 phantoms
  4 kobold brigands
  A gnoll sergeant (D:7)
  7 scorpions
  10 wights
  5 killer bees (D:7)
  A howler monkey (D:4)
  2 centaur zombies (D:9)
  6 hounds
  2 jellies
  A gnoll bouda (D:6)
  Crazy Yiuf (D:7)
  10 orc priests
  3 sleepcaps (D:6)
  8 iguanas
  9 orc wizards
  Terence (D:2)
  A killer bee zombie (D:9)
  5 adders
  8 gnolls
  A shadow imp (D:6)
  5 white imps
  5 ufetubi
  A worm (D:3)
  2 dart slugs
  48 orcs
  11 ball pythons
  3 bats
  8 endoplasms
  5 giant cockroaches
  19 goblins
  9 hobgoblins
  12 jackals
  14 kobolds
  5 quokkas
  2 frilled lizards
  5 rats
304 creatures vanquished.

Vanquished Creatures (others)
  5 plants (D:6)
5 creatures vanquished.

Grand Total: 309 creatures vanquished

Notes
Turn   | Place    | Note
-------+----------+-------------------------------------------
     0 | D:1      | drewk1942 the Minotaur Fighter began the quest for the Orb.
     0 | D:1      | Reached XP level 1. HP: 19/19 MP: 0/0
   143 | D:1      | Reached XP level 2. HP: 22/27 MP: 1/1
   275 | D:1      | Reached skill level 3 in Axes
   500 | D:1      | Found Lexawi's Antique Weapon Emporium.
   836 | D:1      | Reached XP level 3. HP: 33/33 MP: 2/2
   897 | D:1      | Found a faded altar of an unknown god.
   897 | D:1      | Noticed a Hell Sentinel
  1187 | D:2      | Noticed Terence
  1197 | D:2      | Killed Terence
  1273 | D:2      | Reached XP level 4. HP: 36/40 MP: 3/3
  1569 | D:2      | Found Osumy's Armour Boutique.
  1807 | D:3      | Reached skill level 4 in Axes
  1849 | D:3      | Identified a scroll of acquirement
  1849 | D:3      | Acquired a manual of Axes
  1875 | D:3      | Found a shadowy altar of Dithmenos.
  2365 | D:4      | Reached skill level 5 in Axes
  2365 | D:4      | Reached XP level 5. HP: 47/47 MP: 4/4
  2398 | D:4      | Reached skill level 6 in Axes
  2406 | D:4      | Noticed an ogre
  2415 | D:4      | Killed an ogre
  2416 | D:4      | Reached skill level 8 in Axes
  2416 | D:4      | Reached XP level 6. HP: 36/53 MP: 5/5
  2494 | D:4      | Reached skill level 9 in Axes
  2597 | D:4      | Reached skill level 10 in Axes
  2706 | D:4      | Identified the +5 robe "Heepeag" {Contam rPois Regen+ SInv}
  3122 | D:5      | Entered Level 5 of the Dungeon
  3140 | D:5      | Reached skill level 11 in Axes
  3140 | D:5      | Reached XP level 7. HP: 39/60 MP: 6/6
  3343 | D:5      | Reached skill level 12 in Axes
  3713 | D:5      | Reached skill level 13 in Axes
  3783 | D:5      | Noticed Pikel
  3794 | D:5      | Killed Pikel
  3795 | D:5      | Reached skill level 15 in Axes
  3795 | D:5      | Reached XP level 8. HP: 37/67 MP: 7/7
  3965 | D:5      | Found Saobleg's Armour Shop.
  4073 | D:5      | Reached skill level 16 in Axes
  4159 | D:1      | Bought an iridescent war axe for 204 gold pieces
  4159 | D:1      | Identified the +8 war axe of the Dragonfly {holy, rC+
                  | Str+4} (You bought it in a shop on level 1 of the Dungeon)
  4366 | D:5      | Found a staircase to the Ecumenical Temple.
  4489 | Temple   | Entered the Ecumenical Temple
  4924 | D:5      | Found a glowing silver altar of Zin.
  5074 | D:6      | Reached skill level 5 in Fighting
  5074 | D:6      | Reached skill level 1 in Throwing
  5074 | D:6      | Reached skill level 5 in Armour
  5074 | D:6      | Reached skill level 5 in Shields
  5074 | D:6      | Reached XP level 9. HP: 65/74 MP: 8/8
  5125 | D:6      | Found an ornate altar of the Wu Jian Council.
  5148 | D:6      | Became a worshipper of the Wu Jian Council
  5232 | D:6      | Reached * piety under Wu Jian
  5267 | D:6      | Found a hazy altar of Hepliaklqana.
  5459 | D:6      | Found a bloodstained altar of Trog.
  5799 | D:6      | Reached ** piety under Wu Jian
  5839 | D:6      | Reached XP level 10. HP: 73/86 MP: 9/9
  6396 | D:7      | Found a white marble altar of Elyvilon.
  6577 | D:7      | Noticed Menkaure
  6584 | D:7      | Killed Menkaure
  6756 | D:7      | Noticed Joseph
  6768 | D:7      | Killed Joseph
  6830 | D:7      | Found a runed translucent door.
  6831 | D:7      | Noticed Crazy Yiuf
  7139 | D:7      | Killed Crazy Yiuf
  7270 | D:8      | Reached *** piety under Wu Jian
  7549 | D:8      | Noticed a two-headed ogre
  7554 | D:8      | Killed a two-headed ogre
  7558 | D:8      | Identified the +1 leather armour of Duck's Teeth {rElec
                  | Will+}
  7839 | D:8      | Reached XP level 11. HP: 97/97 MP: 10/10
  8551 | D:9      | Found an opulent altar of Gozag.
  8675 | D:9      | Found a shimmering blue altar of Sif Muna.
  8739 | D:9      | Reached **** piety under Wu Jian
  8881 | D:9      | Reached skill level 5 in Throwing
  8881 | D:9      | Reached skill level 10 in Armour
  8896 | D:9      | Reached skill level 10 in Fighting
  8898 | D:9      | Reached skill level 10 in Shields
  8968 | D:9      | Found a basalt altar of Yredelemnul.
  9058 | D:10     | Entered Level 10 of the Dungeon
  9120 | D:10     | Found Qoupn's Antique Armour Shop.
  9147 | D:10     | Noticed Sonja
  9150 | D:10     | Killed Sonja
  9237 | D:10     | Noticed a two-headed ogre
  9254 | D:10     | Killed a two-headed ogre
  9473 | D:10     | Noticed Urug
  9475 | D:10     | Noticed Erica
  9484 | D:10     | HP: 3/101 [Urug/+4 great sword (7)]
  9486 | D:10     | Killed Urug
  9486 | D:10     | Killed Erica
  9494 | D:10     | Killed from afar by an acid dragon

Illustrated notes

Levels and vault maps discovered:
D:1:      kilobyte_arrival_exit_the_forest, layout_loops_corners, serial_shops,
          shop_fountains, dreamdust_ecumenical_altar_sealed_demon
D:2:      layout_loops_cross, serial_shops, shop, grunt_ministairs_5,
          minmay_misc_feat_iff, uniq_terence
D:3:      layout_basic, general_overflow_altar
D:4:      layout_basic, grunt_ministairs_3
D:5:      layout_loops_corners, mainiacjoe_overflow_alcove_2,
          minmay_temple_entry_butterflies, kennysheep_flooded_box,
          nicolae_inconvenience_store, kennysheep_generic_room_8, uniq_pikel
D:6:      kennysheep_windowed_halls, layout_cave_pools,
          nicolae_hepliaklqana_hazy_memory, nicolae_overflow_crystal_walls,
          trog_butcher_becter
D:7:      layout_basic, mainiacjoe_overflow_24_doors, serial_corexii_hall,
          chequers_hall_statues_y, corexii_hall_statues_i,
          grunt_decor_arrowhead, uniq_crazy_yiuf_cottage, uniq_joseph,
          uniq_menkaure
D:8:      corexii_shack_village, layout_loops_cross,
          hangedman_abyss_or_decor_clamps, amethyst_killhole
D:9:      layout_loops_ring, nicolae_gozag_seed_capital, kennysheep_mini,
          nicolae_yredelemnul_corpse_copse, david_defended_altar_orc
D:10:     layout_irregular_city, fedhas_altar_1, orc_0_dummy,
          biasface_ghost_orc_armoury, serial_shops, shop, uniq_erica,
          uniq_sonja, uniq_urug
Temple:   nicolae_temple_no_exploring_needed

Skill      XL: |  1  2  3  4  5  6  7  8  9 10 11 |
---------------+----------------------------------+-----
Axes           | 3 5 8 11 15 16 | 16.8
Fighting       | 4 5 7 9 11 | 11.1
Shields        | 4 5 7 9 11 | 11.1
Armour         | 4 5 7 9 11 | 11.2
Throwing       | 1 3 4 5 |  5.8

Action                     |  1- 3 |  4- 6 |  7- 9 | 10-12 || total
---------------------------+-------+-------+-------+-------++-------
  Melee: War axe           |    81 |   111 |   195 |   268 ||   655
         Headbutt          |     6 |     9 |    34 |    42 ||    91
  Throw: Dart              |       |     2 |     2 |       ||     4
 Invoke: Serpent's Lash    |       |       |       |     1 ||     1
Ability: Lunge             |       |       |     7 |    26 ||    33
         Whirlwind         |       |       |     1 |     5 ||     6
         Wall Jump         |       |       |       |     2 ||     2
    Use: Scroll            |       |     2 |       |       ||     2
         Potion            |       |       |     2 |     2 ||     4
 Armour: Scale mail        |    31 |    49 |    53 |    62 ||   195
  Dodge: Dodged            |    45 |    50 |    53 |    63 ||   211
  Block: Buckler           |    15 |    21 |    23 |    62 ||   121

Table legend: (Time is in decaauts)
 A = Elapsed time spent in this place.
 B = Non-inter-level travel time spent in this place.
 C = Inter-level travel time spent in this place.
 D = Time resting spent in this place.
 E = Time spent auto-exploring this place.
 F = Levels seen in this place.
 G = Mean time per level.
                   A        B        C        D        E       F      G
               +--------+--------+--------+--------+--------+-----+--------+
         Total |   9470 |   9044 |    426 |    370 |   7335 |  11 |  860.9 |
       Dungeon |   9465 |   9040 |    425 |    370 |   7335 |  10 |  946.5 |
        Temple |      5 |      5 |      0 |      0 |      0 |   1 |    5.0 |
               +--------+--------+--------+--------+--------+-----+--------+

Top non-repeatable levels by time:
     D:5: 1754 daAuts
     D:7: 1074 daAuts
     D:8: 1058 daAuts
     D:1: 1033 daAuts
     D:6: 985 daAuts
     D:4: 811 daAuts
     D:9: 796 daAuts
     D:2: 773 daAuts
     D:3: 738 daAuts
    D:10: 438 daAuts
  Temple: 5 daAuts
